AoeStats
← Dragma

Oasis

508497093Analyzed
4v4 RM · 8d ago on Sep 22, 2026· 57m 50s· 8 players
Game mode
Random Map
Map size
Large (8 player)
Population
200
Speed
Normal
Resources
Standard
Victory
Conquest
Starting age
Dark Age
Ending age
Imperial Age
RankedLock teamsTeams togetherTeam positionsShared explorationLock speedFull tech treeHidden civsTurbo modeCheats
Victory
Defeat
🇫🇷 Magyars · France
1027
+9
🇫🇷 Persians · France
833
+16
🇫🇷 Britons · France
827
+17
🇫🇷 Wu · France
709
+21
🇫🇷 Burgundians · France
967
-56
🇫🇷 Vikings · France
843
-40
🇫🇷 Gurjaras · France
812
-18
🇫🇷 Mongols · France
754
-12
Emi578
6:54 Wheelbarrow
15:02 Feudal Age
14:32 Double-Bit Axe
14:31 Horse Collar
17:33 Hand Cart
19:18 Bow Saw
19:11 Heavy Plow
22:30 Gold Mining
24:51 Man-at-Arms
27:07 Arson
30:02 Stone Mining
32:28 Forging
32:20 Scale Mail Armor
36:57 Castle Age
35:32 Padded Archer Armor
35:53 Fletching
41:10 Iron Casting
40:50 Chain Mail Armor
40:51 Leather Archer Armor
43:29 Husbandry
43:10 Cavalier
44:51 Ballistics
47:03 Scale Barding Armor
48:02 Guard Tower
47:54 Treadmill Crane
48:25 Pikeman
48:30 Elite Skirmisher
53:57 Murder Holes
56:20 Bodkin Arrow
Tibou
8:29 Loom
10:16 Feudal Age
15:47 Castle Age
15:07 Double-Bit Axe
20:58 Bow Saw
21:22 Horse Collar
21:34 Fletching
21:48 Padded Archer Armor
26:28 Husbandry
26:37 Thumb Ring
26:55 Ballistics
29:47 Bloodlines
29:44 Town Watch
33:12 Bodkin Arrow
33:35 Leather Archer Armor
34:00 Heavy Plow
35:23 Wheelbarrow
41:25 Hand Cart
47:30 Scale Barding Armor
47:35 Forging
47:24 Murder Holes
50:44 Elite Skirmisher
52:02 Pikeman
54:36 Squires
Dragma
13:35 Feudal Age
14:25 Horse Collar
16:50 Loom
22:56 Bloodlines
25:12 Castle Age
24:28 Bloodlines
26:43 Scale Barding Armor
26:49 Forging
26:50 Heavy Plow
28:08 Chain Barding Armor
30:24 Double-Bit Axe
31:09 Husbandry
32:13 Caravan
34:38 Gold Mining
39:43 Iron Casting
42:58 Treadmill Crane
43:38 Ballistics
43:16 Murder Holes
45:20 Thumb Ring
47:52 Kshatriyas
49:35 Scale Mail Armor
Wolfy
13:03 Feudal Age
14:45 Double-Bit Axe
14:45 Horse Collar
20:45 Scale Mail Armor
21:31 Padded Archer Armor
25:53 Castle Age
26:22 Gold Mining
26:23 Stone Mining
26:40 Squires
28:34 Bow Saw
28:43 Pikeman
30:17 Leather Archer Armor
32:53 Elite Skirmisher
34:06 Fletching
34:26 Forging
45:28 Gold Shaft Mining
58:02 Imperial Age
Merlouche
5:31 Loom
9:18 Feudal Age
9:46 Double-Bit Axe
9:45 Horse Collar
18:13 Castle Age
18:56 Heavy Plow
19:09 Bow Saw
20:32 Stone Mining
20:32 Gold Mining
25:15 Stone Shaft Mining
24:25 Elite Skirmisher
25:45 Thumb Ring
26:32 Forging
26:13 Fletching
26:39 Padded Archer Armor
29:07 Husbandry
29:17 Bloodlines
29:29 Scale Barding Armor
31:23 Chain Barding Armor
32:40 Iron Casting
32:01 Bodkin Arrow
32:22 Leather Archer Armor
33:16 Gold Shaft Mining
33:20 Kamandaran
32:46 Crossbowman
35:15 Ballistics
35:05 Masonry
38:46 Imperial Age
38:58 Wheelbarrow
38:11 Town Watch
40:32 Squires
40:18 Arson
41:16 Conscription
41:08 Citadels
41:34 Hoardings
41:34 Ring Archer Armor
42:04 Blast Furnace
41:40 Plate Barding Armor
41:53 Pikeman
42:25 Halberdier
44:03 Architecture
44:34 Chemistry
44:10 Hand Cart
43:56 Town Patrol
44:51 Crop Rotation
44:24 Scale Mail Armor
43:48 Elite War Elephant
46:59 Chain Mail Armor
53:58 Caravan
57:22 Murder Holes
58:01 Plate Mail Armor
Triton
5:09 Loom
9:39 Feudal Age
18:39 Castle Age
16:46 Horse Collar
17:30 Double-Bit Axe
19:39 Fletching
20:11 Bow Saw
20:05 Heavy Plow
23:52 Bodkin Arrow
27:13 Stone Mining
27:20 Crossbowman
28:07 Padded Archer Armor
28:12 Gold Mining
29:42 Leather Archer Armor
30:52 Gold Shaft Mining
32:11 Ballistics
35:04 Imperial Age
32:56 Forging
35:25 Iron Casting
35:24 Caravan
36:19 Pikeman
37:18 Halberdier
38:01 Bracer
38:57 Squires
38:42 Arson
38:52 Capped Ram
40:43 Chemistry
40:37 Arbalester
42:21 Ring Archer Armor
41:52 Scale Mail Armor
44:27 Blast Furnace
44:12 Yeomen
45:04 Wheelbarrow
44:48 Chain Mail Armor
45:26 Elite Longbowman
48:07 Plate Mail Armor
54:04 Man-at-Arms
56:01 Long Swordsman
Lorbyron
13:06 Feudal Age
13:46 Double-Bit Axe
13:45 Horse Collar
14:50 Wheelbarrow
16:46 Loom
20:57 Castle Age
19:32 Stone Mining
20:40 Gold Mining
23:13 Padded Archer Armor
23:03 Fletching
23:21 Elite Skirmisher
34:02 Heated Shot
34:32 Ballistics
37:18 Stone Shaft Mining
46:36 Gold Shaft Mining
49:38 Heavy Plow
50:19 Caravan
51:49 Hand Cart
52:12 Leather Archer Armor
51:53 Bodkin Arrow
51:58 Scale Mail Armor
52:09 Forging
52:53 Bow Saw
57:02 Imperial Age
54:15 Pikeman
54:55 Squires
55:05 Squires
56:03 Chain Mail Armor
56:23 Iron Casting
58:06 Conscription
57:10 Elite Fire Archer
Snake34
4:22 Loom
10:35 Feudal Age
14:24 Scale Barding Armor
15:32 Bloodlines
Connection lost

Rejoining the realm…

Still unreachable

The connection could not be restored.

Session expired

The server has moved on; the page needs a fresh start.